 Dungeon Crawl Stone Soup version 0.20.1-1-g8b1a95d (webtiles) character file.

118 vishdafish the Sneak (level 5, -2/45 HPs)
             Began as a Naga Assassin on July 7, 2017.
             Succumbed to vishdafish's ghost's poison
             ... on level 2 of the Dungeon.
             The game lasted 00:04:26 (2711 turns).

vishdafish the Sneak (Naga Assassin)                Turns: 2711, Time: 00:04:27

Health: -2/45      AC:  5    Str: 13    XL:     5   Next: 2%
Magic:  5/5        EV: 10    Int: 12    God:
Gold:   101        SH:  0    Dex: 13    Spells: 4/4 levels left

rFire    + . .     SeeInvis +   i - +1 dagger (venom)
rCold    . . .     Gourm    .   (no shield)
rNeg     + . .     Faith    .   y - +0 robe {rN+}
rPois    +         Spirit   .   x - +2 hat
rElec    .         Reflect  .   d - +0 cloak
rCorr    .         Harm     .   (no gloves)
MR       .....     Rnd*Tele +   (no barding)
Stlth    ++++......             (no amulet)
Regen    0.2/turn               (no ring)
MPRegen  0.1/turn               (no ring)

@: lethally poisoned (-2 -> -24), berserk cooldown, very slightly contaminated,
slowed, invisible (expiring), very slow
A: see invisible, deformed body, fire resistance 1, poison resistance, slowness
2, slow metabolism 1, spit poison 1, teleportitis 1, AC +1
a: Spit Poison


You were on level 2 of the Dungeon.
You were very hungry.

You visited 1 branch of the dungeon, and saw 3 of its levels.

You collected 101 gold pieces.

Inventory:

Hand Weapons
 a - a +2 dagger
 b - a +0 blowgun
 i - a +1 dagger of venom (weapon)
 j - a +0 dagger
Missiles
 e - 36 poisoned needles
 f - 2 curare-tipped needles
Armour
 c - a +0 robe
 d - a +0 cloak (worn)
 x - a +2 hat (worn)
 y - a +0 robe of positive energy (worn)
Scrolls
 m - 2 scrolls of fear {unknown}
 o - 2 scrolls of teleportation {unknown}
 p - a scroll of remove curse {unknown}
 s - a scroll of amnesia {unknown}
 t - a scroll of recharging {unknown}
 w - a scroll of noise {unknown}
 A - a scroll of blinking {unknown}
Potions
 h - 2 potions of cancellation
 k - a potion of haste
 l - a potion of lignification
Comestibles
 g - 3 bread rations
 v - a meat ration
 z - a royal jelly


   Skills:
 - Level 2.0 Fighting
 + Level 3.1 Short Blades
 - Level 1.7 Throwing
 + Level 1.8 Dodging
 * Level 7.6 Stealth


You had 4 spell levels left.
You didn't know any spells.

Dungeon Overview and Level Annotations

Branches:
Dungeon (3/15)

Altars:

Annotations:
D:3 vishdafish's ghost, amateur NaEn


Innate Abilities, Weirdness & Mutations

You cannot wear boots.
Your serpentine skin is tough. (AC +1)
You have supernaturally acute eyesight. (SInv)
Armour fits poorly on your strangely shaped body.
Your system is resistant to poisons. (rPois)
You cover ground very slowly.
You have a slow metabolism.
You can spit poison.
Your flesh is heat resistant. (rF+)
You are occasionally teleported next to monsters.


Message History

You feel very sick.
You are too berserk!
You feel a strong urge to attack something.
* * * LOW HITPOINT WARNING * * *
You feel sick.
A ball python comes into view.
* * * LOW HITPOINT WARNING * * *
You feel sick.
The ball python hisses angrily.
There is a stone staircase leading down here.
You feel your anger subside.
* * * LOW HITPOINT WARNING * * *
You feel very sick.
You are no longer berserk.
You are exhausted.
You feel yourself slow down.
* * * LOW HITPOINT WARNING * * *
You feel sick.
You flicker for a moment.
You are no longer glowing.
You die...

.#.# #.#
#.#.#........#####
.#.# #.#
#.#.##...........#
.#.# #.#
#.#.#.........####
.#.# #.#
#>#.#..#......#
.#.# #.#
#.#.#....##...#
.#.# #.#
#>#.#รท...##...#
.#.# #.#
#.#.#....##...#
##.###.#
#.#.#....##...#
.....#.#
#@#.#....###..#
######.#
#S............#
.......#
##............#
######.#
#...<....####.#
#.#
#...##......#.#
###
#........##.#.#
#..####.....#.#
#..#####.####.#
#........####.#


You could see a ball python.

Vanquished Creatures
  5 adders (D:2)
  2 oozes (D:2)
  2 worms (D:2)
  A leopard gecko (D:2)
  3 giant cockroaches
  5 goblins
  5 hobgoblins
  7 kobolds
  2 quokkas (D:2)
  3 ball pythons
  4 bats
  4 frilled lizards
  23 rats
66 creatures vanquished.

Notes
Turn   | Place    | Note
-------+----------+-------------------------------------------
     0 | D:1      | vishdafish the Naga Assassin began the quest for the Orb.
     0 | D:1      | Reached XP level 1. HP: 19/19 MP: 1/1
    27 | D:1      | Reached skill level 6 in Stealth
    42 | D:1      | Reached XP level 2. HP: 19/26 MP: 2/2
   186 | D:1      | Reached skill level 1 in Dodging
   773 | D:2      | Found a faded altar of an unknown god.
   823 | D:2      | Reached XP level 3. HP: 15/32 MP: 3/3
  1517 | D:2      | Reached skill level 7 in Stealth
  1532 | D:2      | Reached XP level 4. HP: 23/39 MP: 4/4
  2352 | D:3      | Reached XP level 5. HP: 45/45 MP: 5/5
  2417 | D:3      | Noticed vishdafish's ghost (amateur NaEn)
  2680 | D:2      | Gained mutation: You are occasionally teleported next to monsters. [potion of mutation]
  2680 | D:2      | Gained mutation: Your flesh is heat resistant. (rF+) [potion of mutation]
  2710 | D:2      | HP: 1/45 [poisoned by vishdafish's ghost]
  2711 | D:2      | Succumbed to vishdafish's ghost's poison

Skill      XL: |  1  2  3  4 |
---------------+-------------+-----
Stealth        | 6 7 |  7.6
Dodging        | 1 |  1.8
Short Blades   | 3 |  3.1
Fighting       | |  2.0
Throwing       | |  1.7

Action                   |  1- 3 |  4- 6 || total
-------------------------+-------+-------++-------
Melee: Dagger            |   128 |    84 ||   212
  Use: Scroll            |       |     4 ||     4
       Potion            |       |     3 ||     3
 Stab: Sleeping          |     8 |     6 ||    14
  Eat: Chunk             |     1 |     2 ||     3
Armor: Robe              |    23 |    32 ||    55
Dodge: Dodged            |    43 |    37 ||    80
